 Dungeon Crawl Stone Soup version 0.29-a0-214-g17f627cfee (webtiles) character file.

Game seed: 10885918687367961928

5658 Zeldest the Grappler (level 10, -14/109 HPs)
             Began as a Troll Monk on Feb 24, 2022.
             Demolished by a quicksilver ooze (15 damage)
             ... on level 3 of the Pits of Slime.
             The game lasted 00:12:46 (5867 turns).

Zeldest the Grappler (Troll Monk)                   Turns: 5867, Time: 00:12:46

Health: -14/109    AC:  1    Str: 23    XL:     10   Next: 46%
Magic:  0/9        EV: 14    Int:  8    God:
Gold:   696        SH:  0    Dex: 12    Spells: 9/9 levels left

rFire   . . .      SeeInvis +     - Unarmed
rCold   . . .      Faith    .   (no shield)
rNeg    . . .      Spirit   +   a - +1 robe
rPois   +          Reflect  .   (helmet restricted)
rElec   .          Harm     .   (no cloak)
rCorr   .          Rampage  .   (gloves unavailable)
Will    +....                   (boots unavailable)
Stlth   ++........              k - amulet of Ysoerhywno {Spirit *Slow Will+ SInv}
HPRegen 1.08/turn               f - +4 ring of evasion
MPRegen 0.11/turn               g - ring of poison resistance

@: engulfed (cannot breathe), corroded
A: large, unfitting armour, claws 3, regeneration 1, shaggy fur 1, tough skin 1,
deterioration 1, poison resistance, no potion heal 1, sturdy frame 1
a: no special abilities


You were on level 3 of the Pits of Slime.
You visited 4 branches of the dungeon, and saw 18 of its levels.
You also visited: Sewer.

You collected 696 gold pieces.

Inventory:

Armour
 a - a +1 robe (worn)
Jewellery
 b - a ring of resist corrosion
 f - a +4 ring of evasion (left claw)
 g - a ring of poison resistance (right claw)
 k - the amulet of Ysoerhywno (around neck) {Spirit *Slow Will+ SInv}
   (You found it on level 3 of the Dungeon)

   [amulet of guardian spirit]

   It causes incoming damage to be divided between your reserves of health and
   magic.
   SInv:      It lets you see invisible.
   *Slow:     It may slow you when you take damage.
   Will:      It increases your willpower.
Wands
 h - a wand of polymorph (4)
 n - a wand of digging (6)
 r - a wand of flame (10)
Scrolls
 c - 2 scrolls of enchant armour
 d - 2 scrolls of noise
 e - a scroll of holy word
 l - 3 scrolls of teleportation
 q - a scroll of immolation {unknown}
 u - a scroll of summoning {unknown}
 w - a scroll of blinking {unknown}
 y - a scroll of acquirement {unknown}
Potions
 i - 3 potions of curing
 m - a potion of brilliance


   Skills:
 + Level 9.7 Fighting
 - Level 2.4 Dodging
 - Level 1.0 Stealth
 + Level 11.5 Unarmed Combat


You had 9 spell levels left.
You didn't know any spells.
Your spell library contained the following spells:

 Spells                   Type           Power      Damage    Failure   Level
 Confusing Touch          Hex            0%         N/A       78%         3
 Gell's Gravitas          Tloc           0%         N/A       78%         3
 Lesser Beckoning         Tloc           0%         N/A       78%         3
 Teleport Other           Tloc           0%         N/A       78%         3
 Olgreb's Toxic Radiance  Pois           0%         N/A       99%         4
 Yara's Violent Unravell  Hex/Tmut       0%         3d3       100%        5
 Enfeeble                 Hex            0%         N/A       100%        7
 Ozocubu's Refrigeration  Ice            0%         4d5       100%        7
 Ignition                 Fire           0%         3d3       100%        8


Dungeon Overview and Level Annotations

Branches:
Dungeon (8/15)             Temple (1/1) D:5            Lair (6/6) D:8
  Slime (3/5) Lair:6        Sewer (visited)
  Swamp: Lair:2-4    Shoals: Lair:2-4     Snake: Lair:2-4    Spider: Lair:2-4

Altars:
Ashenzari
Cheibriados
Elyvilon
Fedhas
Gozag
Hepliaklqana
Kikubaaqudgha
Makhleb
Nemelex Xobeh
Okawaru
Qazlal
Ru
Sif Muna
Trog
Uskayaw
Vehumet
Wu Jian
Xom
Yredelemnul
Zin
The Shining One

Annotations:
D:5 exclusion: door
Lair:1 1 runed translucent door
Lair:4 2 runed translucent doors, Zeldest's ghost, journeyman OpTm


Innate Abilities, Weirdness & Mutations

You are too large for most types of armour.
You have claws for hands.
Your natural rate of healing is unusually fast.
You are covered in fur. (AC +1)
You have tough skin. (AC +1)
Your body sometimes deteriorates upon taking damage.
Your system is resistant to poisons. (rPois)
Potions are less effective at restoring your health.
Your movements are slightly less encumbered by armour. (ER -2)


Message History

A shining eye comes into view.
The shining eye turns its gaze towards you.
The eye of devastation turns its gaze towards you.
The eye of devastation gazes at you. The bolt of energy misses you.
An acid blob comes into view.
The acid blob quivers.
The eye of devastation gazes at you. The bolt of energy misses you.
An azure jelly comes into view.
The azure jelly quivers.
The acid blob spits acid at you. The splash of acid hits you!!
The acid corrodes you! The eye of devastation gazes at you.
The bolt of energy misses you. The shining eye gazes at you.
Strange energies course through your body.
You feel resistant to poisons.
The acid blob jiggles.
There is a stone staircase leading down here.
The azure jelly hits you! The azure jelly freezes you!!
The azure jelly hits you. The azure jelly freezes you!!
* * * LOW HITPOINT WARNING * * *
The azure jelly hits you.
* * * LOW HITPOINT WARNING * * *
The azure jelly hits you but does no damage.
You climb downwards.
There is a stone staircase leading up here.
A slime creature comes into view.
The quicksilver ooze quivers.
A slime creature comes into view.
You are splashed with acid!
* * * LOW HITPOINT WARNING * * *
The slime creature quivers.
The quicksilver ooze hits you.
* * * LOW HITPOINT WARNING * * *
The quicksilver ooze engulfs you! The quicksilver ooze hits you.
* * * LOW HITPOINT WARNING * * *
The quicksilver ooze hits you!
You die...

##≈≈≈##
#J≈≈≈≈#
#≈J≈≈≈#
≈≈≈J≈##
≈≈≈≈J
#..≈
##..##
#..@.##
#.JJG.#
#..<..#
#......#
#.....##
#...###
#...
#...
##..


You could see an azure jelly, 4 slime creatures, an eye of devastation and a
quicksilver ooze.

Vanquished Creatures
  A hydra (Lair:4)
  Pikel (D:6)
  3 komodo dragons
  Prince Ribbit (D:7)
  2 basilisks
  Menkaure (D:7)
  2 water moccasins (Lair:3)
  Pargi (Sewer)
  3 black bears
  An ice beast (D:7)
  An orc warrior (D:7)
  2 necrophages (D:7)
  9 wolves (Lair:3)
  2 ogres
  A centaur (D:7)
  A phantom (D:6)
  A lemure (D:6)
  3 bullfrogs
  A gnoll sergeant (D:6)
  3 scorpions
  A wyvern zombie (D:5)
  A bullfrog zombie (D:5)
  A hound (D:7)
  A gnoll shaman (D:4)
  3 jellies
  A bullfrog skeleton (D:5)
  3 centaur skeletons
  2 iguanas
  An orc wizard (D:4)
  A hound skeleton (D:4)
  11 adders
  4 river rats (D:4)
  9 gnolls
  A shadow imp (D:7)
  2 white imps
  An adder skeleton (D:4)
  4 worms
  2 dart slugs
  23 orcs
  6 endoplasms
  2 giant cockroaches
  3 goblins
  10 hobgoblins
  4 jackals
  4 quokkas
  7 ball pythons
  9 bats
  6 frilled lizards
  7 kobolds
  6 rats
176 creatures vanquished.

Vanquished Creatures (others)
  11 fungi
  14 plants
  3 toadstools (D:2)
28 creatures vanquished.

Grand Total: 204 creatures vanquished

Notes
Turn   | Place    | Note
-------+----------+-------------------------------------------
     0 | D:1      | Zeldest the Troll Monk began the quest for the Orb.
     0 | D:1      | Reached XP level 1. HP: 22/22 MP: 0/0
    14 | D:1      | Found a faded altar of an unknown god.
    40 | D:1      | Reached XP level 2. HP: 29/29 MP: 1/1
   235 | D:1      | Reached XP level 3. HP: 37/37 MP: 2/2
  1252 | D:3      | Reached skill level 4 in Unarmed Combat
  1285 | D:3      | Reached XP level 4. HP: 40/45 MP: 3/3
  1337 | D:3      | Found a shimmering altar of Xom.
  1439 | D:3      | Identified the amulet of Ysoerhywno {Spirit *Slow Will+
                  | SInv}
  1869 | D:4      | Noticed a scorpion
  1875 | D:4      | Killed a scorpion
  1876 | D:4      | Reached XP level 5. HP: 54/54 MP: 4/4
  1878 | D:4      | Noticed a centaur
  1957 | D:4      | Reached skill level 5 in Unarmed Combat
  2019 | D:4      | Found a glowing drain.
  2027 | Sewer    | Entered a sewer
  2041 | Sewer    | Noticed Pargi
  2044 | Sewer    | Killed Pargi
  2045 | Sewer    | Reached XP level 6. HP: 63/63 MP: 5/5
  2319 | D:4      | Identified the +1 scale mail of Ashenzari's Respect {rN+}
  2332 | D:4      | Found a broken altar of Ashenzari.
  2423 | D:4      | Reached skill level 5 in Fighting
  2423 | D:4      | Reached skill level 6 in Unarmed Combat
  2536 | D:5      | Entered Level 5 of the Dungeon
  2541 | D:4      | Reached XP level 7. HP: 72/72 MP: 6/6
  2709 | D:5      | Found a glowing golden altar of the Shining One.
  2729 | D:5      | Found a staircase to the Ecumenical Temple.
  2765 | Temple   | Entered the Ecumenical Temple
  3174 | D:5      | Reached skill level 7 in Unarmed Combat
  3395 | D:5      | Found a shimmering blue altar of Sif Muna.
  3441 | D:6      | Gained mutation: You have hidden genetic defects. [potion
                  | of mutation]
  3441 | D:6      | Gained mutation: Potions are less effective at restoring
                  | your health. [potion of mutation]
  3441 | D:6      | Gained mutation: You are frail. (-10% HP) [potion of
                  | mutation]
  3441 | D:6      | Gained mutation: You are strong-willed. (Will+) [potion of
                  | mutation]
  3460 | D:6      | HP: 2/67 [gnoll/+0 club (2)]
  3468 | D:6      | Reached XP level 8. HP: 15/74 MP: 7/7
  3486 | D:6      | Gained mutation: You are dopey. (Int -2) [hidden defects]
  3784 | D:6      | Gained mutation: Your body sometimes deteriorates upon
                  | taking damage. [hidden defects]
  3784 | D:6      | Lost mutation: You have hidden genetic defects. [hidden
                  | defects expressed]
  3952 | D:6      | Noticed Pikel
  3970 | D:6      | Killed Pikel
  3971 | D:6      | Reached skill level 8 in Unarmed Combat
  4149 | D:7      | Reached XP level 9. HP: 71/83 MP: 8/8
  4276 | D:7      | Lost mutation: You are dopey. (Int -2) [potion of mutation]
  4276 | D:7      | Lost mutation: You are frail. (-10% HP) [potion of
                  | mutation]
  4276 | D:7      | Lost mutation: You are strong-willed. (Will+) [potion of
                  | mutation]
  4276 | D:7      | Gained mutation: Your movements are slightly less
                  | encumbered by armour. (ER -2) [potion of mutation]
  4280 | D:7      | Reached skill level 9 in Unarmed Combat
  4310 | D:7      | Noticed Prince Ribbit
  4334 | D:7      | Killed Prince Ribbit
  4492 | D:7      | Noticed Menkaure
  4501 | D:7      | Killed Menkaure
  4569 | D:7      | Found a burning altar of Makhleb.
  5048 | D:8      | Found a staircase to the Lair.
  5049 | D:8      | Noticed a boulder beetle
  5055 | Lair:1   | Entered Level 1 of the Lair of Beasts
  5055 | Lair:1   | Found a runed translucent door.
  5106 | Lair:3   | Reached skill level 10 in Unarmed Combat
  5127 | Lair:3   | Noticed a komodo dragon
  5145 | Lair:3   | Killed a komodo dragon
  5237 | Lair:3   | Reached XP level 10. HP: 23/107 MP: 3/9
  5389 | Lair:4   | Noticed a seven-headed hydra
  5567 | Lair:4   | Reached skill level 11 in Unarmed Combat
  5620 | Lair:5   | Noticed a torpor snail
  5621 | Lair:5   | Noticed a five-headed hydra
  5643 | Lair:4   | Found a large runed translucent door.
  5643 | Lair:4   | Found a large runed translucent door.
  5647 | Lair:4   | Noticed Zeldest's ghost (journeyman OpTm)
  5672 | Lair:4   | Killed a seven-headed hydra
  5788 | Lair:6   | Entered Level 6 of the Lair of Beasts
  5788 | Lair:6   | Noticed a seven-headed hydra
  5802 | Lair:6   | Found a staircase to the Slime Pits.
  5813 | Slime:1  | Entered Level 1 of the Pits of Slime
  5857 | Slime:1  | You fall into a shaft and drop 1 floor!
  5857 | Slime:2  | Noticed an eye of devastation
  5859 | Slime:2  | Noticed a shining eye
  5860 | Slime:2  | Noticed an acid blob
  5861 | Slime:2  | Noticed an azure jelly
  5863 | Slime:2  | Gained mutation: Your system is resistant to poisons.
                  | (rPois) [a shining eye]
  5865 | Slime:3  | Noticed a quicksilver ooze
  5867 | Slime:3  | HP: 1/109 [quicksilver ooze (5)]
  5867 | Slime:3  | Demolished by a quicksilver ooze

Illustrated notes

Levels and vault maps discovered:
D:1:      sevenhm_arrival_forest_fort_small_4, layout_basic,
          hellmonk_ecumenical_altar_arch_garden
D:2:      layout_rooms, minmay_curled_crystal, minmay_gold_behind_fungi,
          corexii_corridor_pit, minmay_crystal_water
D:3:      layout_loops_ring, overflow_temple_1_default
D:4:      layout_basic, mainiacjoe_overflow_paths, lightli_sewer_entry_pipes,
          minivault_19, lightli_corner_chamber
D:5:      cheibrodos_helix_gallery, layout_loops_ring,
          mainiacjoe_overflow_concentric_impassable, led_sif_book,
          minmay_temple_entry_drinking_statues
D:6:      layout_cave_pools, minivault_11, uniq_pikel
D:7:      layout_loops_cross, lemuel_coloured_pillars_altar, uniq_menkaure,
          uniq_prince_ribbit1
D:8:      layout_basic, amcnicky_altar_gilded, lair_entry_dummy,
          gammafunk_ghost_hydra_chop, minmay_hedge_maze,
          minmay_fractal_squares_5
Temple:   nicolae_temple_elliptical
Lair:1:   layout_roguey, ebering_ghost_reflecting_pool, minmay_shattered_shrine
Lair:2:   layout_gridlike, nicolae_swamp_entry_splash_gauntlet,
          guppyfry_snake_entry_garden
Lair:3:   layout_chaotic_city, grunt_megastairs_2, serial_bayou_shore_a
Lair:4:   layout_regular_city, serial_forest, infiniplex_forest_clump_curved,
          infiniplex_forest_lined_3_way, infiniplex_forest_straight_3,
          infiniplex_forest_straight_5, ebering_ghost_disaster_area,
          amcnicky_altar_lugonu_corruption, grunt_megastairs_5
Lair:5:   layout_roguey, st_stairs_9
Lair:6:   grunt_lair_end_beastmaster, layout_big_grid,
          nicolae_slime_entry_slimehenge, minivault_26
Slime:1:  cheibrodos_slime_lost_civilization_3, layout_caves
Slime:2:  layout_caves
Slime:3:  layout_caves, nicolae_slime_phagocytosis

Skill      XL: |  1  2  3  4  5  6  7  8  9 10 |
---------------+-------------------------------+-----
Fighting       | 3 4 5 6 7 9 |  9.7
Unarmed Combat | 4 5 6 7 8 10 11 | 11.5
Dodging        | |  2.4
Stealth        | |  1.0

Action                   |  1- 3 |  4- 6 |  7- 9 | 10-12 || total
-------------------------+-------+-------+-------+-------++-------
Melee: Unarmed           |   125 |   122 |   271 |    43 ||   561
       Punch             |     1 |     4 |     8 |     1 ||    14
Evoke: Wand              |       |       |     1 |     5 ||     6
  Use: Potion            |       |       |     7 |     5 ||    12
       Scroll            |       |       |     5 |    10 ||    15
 Stab: Sleeping          |       |     7 |       |       ||     7
       Invisible         |       |       |       |     1 ||     1
Armor: Robe              |    45 |    25 |    41 |     9 ||   120
       Skin              |       |       |       |    17 ||    17
Dodge: Dodged            |    82 |    81 |   220 |    26 ||   409

Table legend: (Time is in decaauts)
 A = Elapsed time spent in this place.
 B = Non-inter-level travel time spent in this place.
 C = Inter-level travel time spent in this place.
 D = Time resting spent in this place.
 E = Time spent auto-exploring this place.
 F = Levels seen in this place.
 G = Mean time per level.
                   A        B        C        D        E       F      G
               +--------+--------+--------+--------+--------+-----+--------+
         Total |   5833 |   5650 |    183 |    493 |   3411 |  19 |  307.0 |
       Dungeon |   4738 |   4578 |    160 |    309 |   3168 |   8 |  592.2 |
        Temple |    180 |    157 |     23 |      0 |    142 |   1 |  180.0 |
          Lair |    729 |    729 |      0 |    162 |      0 |   6 |  121.5 |
    Slime Pits |     41 |     41 |      0 |     22 |      0 |   3 |   13.7 |
         Sewer |    143 |    143 |      0 |      0 |    101 |   1 |  143.0 |
               +--------+--------+--------+--------+--------+-----+--------+

Top non-repeatable levels by time:
     D:7: 929 daAuts
     D:4: 694 daAuts
     D:6: 653 daAuts
     D:5: 632 daAuts
     D:2: 616 daAuts
     D:1: 614 daAuts
     D:3: 590 daAuts
  Lair:3: 359 daAuts
  Lair:4: 241 daAuts
  Temple: 180 daAuts
   Sewer: 143 daAuts
  Lair:5: 67 daAuts
  Lair:1: 32 daAuts
 Slime:1: 32 daAuts
  Lair:6: 20 daAuts
